[Event "Betsys MČR v online bleskovém šachu 2021"]
[Site "Chess.com"]
[Date "2021.04.17"]
[Round "12"]
[White "Lunaticx"]
[Black "berny643"]
[Result "1-0"]
[WhiteElo "2987"]
[BlackElo "2579"]
[TimeControl "180+1"]
[EndTime "11:03:15 PDT"]
[Termination "Uživatel Lunaticx zvítězil na čas"]

1. d4 Nf6 2. c4 e6 3. Nf3 b6 4. g3 Bb4+ 5. Bd2 Be7 6. Bg2 d5 7. cxd5 exd5 8. O-O O-O 9. Bf4 Be6 10. Nc3 c5 11. Ne5 c4 12. Nxc4 Nc6 13. Ne5 Rc8 14. Rc1 Na5 15. h4 Bb4 16. e3 Bxc3 17. bxc3 Qe7 18. Rc2 Nd7 19. Nd3 Qa3 20. Qc1 Qa4 21.
Nb4 Nf6 22. Qd2 Rc4 23. Nd3 Bf5 24. Rfc1 Ne4 25. Qe2 Rfc8 26. Nb2 Qxa2 27. Nxc4 Qxc4 28. Qe1 Nb3 29. Rd1 Nxc3 30. e4 Bxe4 31. Bxe4 dxe4 32. Bd2 Nxd2 33. Qxd2 b5 34. d5 b4 35. d6 h6 36. d7 Rd8 37. Ra1 Qc5 38. Qe3 Qxe3 39. fxe3 Rxd7 40. Rb2 Rb7 41. Ra5 Kh7 42. h5 Nd1 43. Rb3 Nc3 44. Rc5 Rd7 45. Rxb4 Rd3 46. Kf2 Nd1+ 47. Ke2 Nxe3 48. Rxe4 Rd5 49. Rc7 Nf5 50. Kf2 Nd6 51. Re2 Rxh5 52. Rd7 Rf5+ 53. Kg2 Rf6 54. Rd2 Nf5 55. Re2 Nd6 56. Rxa7 Nf5 57.
Re5 Nd4 58. Rd7 Ne6 59. Ra5 Ng5 60. Raa7 Kg6 61. Rd8 Kh7 62. Raa8 Kg6 63. Rh8 Kh5 64.
Ra2 Kg6 65. Ra4 Re6 66. Ra2 Rf6 67. Rc8 Re6 68. Rc4 Rf6 69. Rd4 Re6 70. Rf2 Rc6 71. Rdf4 Re6 72. Rc4 Rd6 73. Rc5 Re6 74.
Ra5 Rd6 75. Rfa2 Kh7 76. Ra7 Rf6 77. R7a6 Rf5 78. R2a5 Rxa5 79. Rxa5 Kg6 80. Ra6+ Kh7 81. g4 Kg8 82. Kg3 Kh7 83. Kf4 Kg8 84. Kf5 Kh7 85.
Ra8 Ne6 86. Rb8 Ng5 87. Rf8 1-0

[Event "Betsys MČR v online bleskovém šachu 2021"]
[Site "Chess.com"]
[Date "2021.04.17"]
[Round "12"]
[White "VOJTASEK2009"]
[Black "RomanHlavicka"]
[Result "1-0"]
[WhiteElo "1291"]
[BlackElo "1517"]
[TimeControl "180+1"]
[EndTime "11:03:19 PDT"]
[Termination "Uživatel VOJTASEK2009 zvítězil po vzdání soupeře"]

1. e4 c5 2. Nf3 Nc6 3. d4 cxd4 4.
Nxd4 d6 5. Nc3 Nf6 6. Be2 a6 7. Be3 e6 8. O-O Be7 9. h3 O-O 10. Qd2 Bd7 11. Rfe1 Rc8 12. Rad1 Nxd4 13. Bxd4 d5 14.
exd5 Nxd5 15. Nxd5 exd5 16. Be3 Be6 17. Bd4 Bf6 18.
Bxf6 Qxf6 19. Bd3 Qxb2 20. Qf4 Qxa2 21. Qh4 h6 22. Re3 Qb2 23. Rg3 f5 24. Qxh6 Qf6 25.
Qh5 Rc7 26. Re1 Bf7 27. Qf3 Bg6 28. Qxd5+ Rff7 29. Re8+ Kh7 30. Rge3 Rfd7 31. Qg8+ Kh6 32. Qh8+ Bh7 33. Rf3 Re7 34. Rxf5 Re1+ 35. Kh2 Qd6+ 36.
g3 Rxc2 37. Rh5+ Kxh5 38. Qxh7+ Qh6 39. Qxh6+ gxh6 40. Rxe1 Rxf2+ 41. Kg1 Rf3 42. Kg2 Rxd3 43. Re6 b5 44. g4+ Kh4 45. Rxa6 Rxh3 46. Rxh6+ Kxg4 47. Rxh3 Kf4 48. Rb3 Ke4 49. Rxb5 Kd4 50. Kf2 Kc4 51. Rh5 Kd4 52. Ke2 Ke4 53. Kd2 Kd4 54. Rh3 Ke4 55. Ke2 Kf4 56. Ra3 Kg4 57. Kf2 Kf5 58. Ra4 Ke5 59. Kf3 Kd5 60. Ke3 Kc5 61. Kd3 Kb5 62. Rf4 Kc5 63. Rg4 Kb5 64. Rf4 Kc6 65. Rf5 Kd6 66. Kd4 Ke6 67. Ra5 Kf6 68. Ke4 Kg6 69.
Kf4 Kh6 70. Kg4 Kg7 71. Ra6 Kf7 72. Kg5 Ke7 73. Kf5 Kd7 74. Ke5 Kc7 75. Kd5 Kb7 76.
Rh6 Kc7 77. Rg6 Kb7 78. Kc5 Ka7 79. Kb5 Kb7 80. Rg7+ Kc8 81. Kb6 Kd8 82. Kc6 Ke8 83.
Kd6 Kf8 84. Ra7 Kg8 85. Ke6 Kh8 86. Kf6 Kg8 87. Rb7 Kh8 88. Kg6 1-0

[Event "Betsys MČR v online bleskovém šachu 2021"]
[Site "Chess.com"]
[Date "2021.04.17"]
[Round "12"]
[White "jhdghaka"]
[Black "Bancroft"]
[Result "1-0"]
[WhiteElo "1908"]
[BlackElo "1929"]
[TimeControl "180+1"]
[EndTime "11:03:25 PDT"]
[Termination "Uživatel jhdghaka zvítězil matem"]

1. e4 c5 2. Nf3 d6 3. Bb5+ Nc6 4. O-O e5 5. Re1 Ne7 6. c3 a6 7. Bf1 Bg4 8. h3 Bxf3 9. Qxf3 Ng6 10. d3 Be7 11.
Be3 O-O 12. Nd2 Bg5 13. g3 Bxe3 14. Qxe3 f5 15. exf5 Rxf5 16. Bg2 Qc7 17. Bd5+ Kh8 18. Ne4 Raf8 19. Ng5 Nd8 20. Ne6 Nxe6 21. Bxe6 R5f6 22. Bd5 Ne7 23. Bg2 Qb6 24. f4 Ng6 25. fxe5 Nxe5 26. Re2 h6 27. Rf1 Rxf1+ 28. Bxf1 Nf3+ 29. Kg2 Qc6 30. Qe4 Qxe4 31. dxe4 Ne5 32. Rd2 Rf6 33. a3 Kg8 34. b4 b6 35. Bxa6 Kf7 36. a4 Ke7 37. a5 bxa5 38. bxa5 Nf3 39. Rf2 Ne1+ 40. Kf1 Nf3 41. Be2 Nd2+ 42. Ke1 Rxf2 43. Kxf2 Nxe4+ 44. Kf3 Nxc3 45. a6 Nd5 46. a7 Nb6 47. Bb5 c4 48. Bxc4 Kd8 49. Bd5 Kc7 50. a8=Q Nxa8 51. Bxa8 Kd8 52.
Bd5 Ke7 53. Ke4 Kf6 54. g4 g6 55. Kf4 g5+ 56. Ke4 Kg6 57. Bc6 h5 58. Bd7 h4 59.
Kd5 Kf6 60. Bf5 Ke7 61. Bg6 Kf6 62. Bh7 Kg7 63. Bd3 Kf6 64. Kxd6 Kg7 65. Ke6 Kh6 66. Kf5 Kg7 67. Kxg5 Kh8 68. Kxh4 Kg8 69. Kg5 Kg7 70. h4 Kg8 71. h5 Kg7 72. h6+ Kg8 73. Kg6 Kh8 74. Be4 Kg8 75. h7+ Kh8 76. Kh5 Kg7 77. g5 Kh8 78. g6 Kg7 79. Bf5 Kh8 80. Be6 Kg7 81. Bf5 Kh8 82. Bb1 Kg7 83. h8=Q+ Kxh8 84. Kh6 Kg8 85. g7 Kf7 86. Ba2+ Kf6 87. g8=Q Ke5 88.
Qf7 Kd4 89. Qe6 Kc3 90. Qd5 Kb2 91. Qc4 Ka1 92. Bb3 Kb2 93. Kg5 Ka3 94. Kf4 Kb2 95. Ke3 Ka3 96. Ba4 Kb2 97. Qb3+ Kc1 98. Qc2# 1-0

[Event "Betsys MČR v online bleskovém šachu 2021"]
[Site "Chess.com"]
[Date "2021.04.17"]
[Round "12"]
[White "PavelNo"]
[Black "Jacques_se_mas"]
[Result "0-1"]
[WhiteElo "1944"]
[BlackElo "1751"]
[TimeControl "180+1"]
[EndTime "11:03:42 PDT"]
[Termination "Uživatel Jacques_se_mas zvítězil na čas"]

1. e4 e6 2. d4 b6 3. Nc3 Bb7 4. f3 f5 5. exf5 Nh6 6. fxe6 Nf5 7. exd7+ Nxd7 8. g3 Be7 9. Bg2 O-O 10. Nge2 Bd6 11. O-O Qf6 12. Bf4 Bxf4 13. Nxf4 Nxd4 14. Nce2 Nxe2+ 15. Nxe2 Nc5 16. Nc3 Rad8 17. Qe1 Qd4+ 18. Qf2 Qb4 19.
Rab1 Rd7 20. a3 Qd4 21. Qxd4 Rxd4 22. Rbd1 Rfd8 23. Rxd4 Rxd4 24. Rf2 Kf7 25. h4 h5 26.
Kh2 g6 27. f4 Bxg2 28. Kxg2 Ne4 29. Nxe4 Rxe4 30. Kf3 Rd4 31. Ke3 Rd6 32. Rd2 Re6+ 33.
Kf3 Kf6 34. c3 Re1 35. Rd7 Rb1 36. Rxc7 Rxb2 37. Rxa7 Rb3 38. Ra6 Rxc3+ 39. Kf2 Rb3 40. a4 Kf5 41. a5 bxa5 42. Rxa5+ Kf6 43. Ra6+ Kf5 44. Ra5+ Kf6 45. Rg5 Ra3 46. Kg2 Ra2+ 47. Kh3 Ra3 48. Re5 Rb3 49. Re8 Kf7 50. Ra8 Kf6 51.
Ra6+ Kf5 52. Rd6 Rc3 53. Rd8 Rb3 54. Rf8+ Ke6 55. Re8+ Kf7 56. Ra8 Kf6 57. Ra5 Rc3 58.
Rg5 Rb3 59. Kh2 Rb2+ 60. Kh3 Rb3 61. Kg2 Rb2+ 62. Kf3 Rb4 63. g4 Rb3+ 64. Ke4 Rb4+ 65. Ke3 Rb3+ 66. Kf2 Rb2+ 67. Ke3 Rb3+ 68. Kd2 hxg4 69.
Rxg4 Rh3 70. Ke2 Kf5 71. Rg5+ Kf6 72. Rg4 Kf5 73. Rg5+ Kxf4 74. Rxg6 Rxh4 75. Rf6+ Kg5 76. Rf8 Kg6 77. Ke3 Rh3+ 78. Ke4 Rh2 79. Ke5 Re2+ 80. Kd6 Rd2+ 81. Kc5 Rc2+ 82. Kb4 Rb2+ 83. Ka3 Rb7 84. Rc8 Kf6 85. Ka2 Ke5 86. Ka1 Kd6 87. Rc1 Kd5 88. Ka2 Kd4 89. Ka1 Kd3 90. Ka2 Ra7+ 91. Kb2 Rb7+ 92.
Ka2 Ra7+ 0-1

[Event "Betsys MČR v online bleskovém šachu 2021"]
[Site "Chess.com"]
[Date "2021.04.17"]
[Round "13"]
[White "Petulak08"]
[Black "Kijonker"]
[Result "0-1"]
[WhiteElo "1161"]
[BlackElo "1453"]
[TimeControl "180+1"]
[EndTime "11:06:13 PDT"]
[Termination "Uživatel Kijonker zvítězil po vzdání soupeře"]

1. e4 e6 2. d4 d5 3. exd5 exd5 4. c4 Nf6 5. Nf3 Bb4+ 6. Bd2 Bxd2+ 7. Qxd2 c6 8. Nc3 Bg4 9. h3 Bxf3 10. g3 Bxh1 11. cxd5 Bxd5 12. Qe3+ Qe7 13. Nxd5 Nxd5 14. Qxe7+ Kxe7 15. Bc4 Re8 16. O-O-O Kd6 17. Kc2 b5 18. Bf1 Nd7 19. Bg2 N7f6 20. f4 Re2+ 21. Rd2 Ne3+ 22.
Kd3 Rxd2+ 23. Kxd2 Nxg2 0-1

[Event "Betsys MČR v online bleskovém šachu 2021"]
[Site "Chess.com"]
[Date "2021.04.17"]
[Round "13"]
[White "keram91"]
[Black "Berzeger"]
[Result "0-1"]
[WhiteElo "750"]
[BlackElo "1000"]
[TimeControl "180+1"]
[EndTime "11:06:15 PDT"]
[Termination "Uživatel Berzeger zvítězil matem"]

1. d4 e5 2. dxe5 Bc5 3. e3 Nc6 4. c3 Nxe5 5. b4 Bb6 6. Nf3 d6 7. Bb5+ Bd7 8. Bxd7+ Qxd7 9. Nxe5 dxe5 10. Nd2 Nf6 11.
h3 O-O-O 12. g4 Ne4 13. Nxe4 Qxd1# 0-1

[Event "Betsys MČR v online bleskovém šachu 2021"]
[Site "Chess.com"]
[Date "2021.04.17"]
[Round "13"]
[White "ghostdog777"]
[Black "stripe122"]
[Result "1-0"]
[WhiteElo "2019"]
[BlackElo "1808"]
[TimeControl "180+1"]
[EndTime "11:06:18 PDT"]
[Termination "Uživatel ghostdog777 zvítězil matem"]

1. e4 c5 2. Nf3 d6 3. Bb5+ Bd7 4. Bxd7+ Nxd7 5. O-O Ngf6 6. Re1 g6 7. e5 Bg7 8. exf6 Bxf6 9. d3 O-O 10. Nc3 Qa5 11. Bg5 Bxc3 12. bxc3 Qxc3 13. Bxe7 Rfc8 14. Bxd6 Nb6 15. Be5 Qa3 16. Qd2 c4 17. Qh6 Qf8 18. Qxf8+ Kxf8 19. d4 c3 20. Rab1 f5 21. Bd6+ Kg7 22.
Re7+ Kh6 23. Bf4+ Kh5 24. Rxh7+ Kg4 25. Be5 g5 26. h3# 1-0

[Event "Betsys MČR v online bleskovém šachu 2021"]
[Site "Chess.com"]
[Date "2021.04.17"]
[Round "13"]
[White "Tlaskin"]
[Black "pudltomik"]
[Result "1-0"]
[WhiteElo "1313"]
[BlackElo "773"]
[TimeControl "180+1"]
[EndTime "11:06:22 PDT"]
[Termination "Uživatel Tlaskin zvítězil matem"]

1. e4 e5 2. Nf3 Nc6 3. Nc3 Nf6 4.
d4 d6 5. dxe5 Nxe5 6. Nxe5 dxe5 7.
Qxd8+ Kxd8 8. Bg5 Be7 9. O-O-O+ Ke8 10. f3 Bd7 11. Bc4 Nh5 12. Bxe7 Kxe7 13. Nd5+ Kf8 14. Nxc7 Rc8 15. Rxd7 Nf6 16. Rxf7+ Kg8 17. Rxf6# 1-0

[Event "Betsys MČR v online bleskovém šachu 2021"]
[Site "Chess.com"]
[Date "2021.04.17"]
[Round "13"]
[White "conysek"]
[Black "HonzaRubes95"]
[Result "0-1"]
[WhiteElo "2137"]
[BlackElo "2461"]
[TimeControl "180+1"]
[EndTime "11:06:28 PDT"]
[Termination "Uživatel HonzaRubes95 zvítězil po vzdání soupeře"]

1. e4 e5 2. Nf3 Nc6 3. Bb5 a6 4.
Ba4 Nf6 5. O-O Be7 6. Re1 b5 7. Bb3 O-O 8. h3 Bb7 9. c3 d5 10. exd5 Nxd5 11. Nxe5 Nxe5 12. Rxe5 Nf4 13. f3 Nd3 14.
Re2 Bc5+ 15. Kf1 Qd6 16. Bc2 Qh2 17. Re3 Qh1+ 18. Ke2 Nxc1+ 19. Kf2 Qxd1 20. Bxd1 Bxe3+ 21. dxe3 Nd3+ 22. Kg1 Nxb2 23. Bb3 0-1

[Event "Betsys MČR v online bleskovém šachu 2021"]
[Site "Chess.com"]
[Date "2021.04.17"]
[Round "13"]
[White "JonasFadrny"]
[Black "misacz"]
[Result "0-1"]
[WhiteElo "740"]
[BlackElo "1060"]
[TimeControl "180+1"]
[EndTime "11:07:08 PDT"]
[Termination "Uživatel misacz zvítězil matem"]

1. d4 Nf6 2. Nc3 e6 3. Nf3 d5 4.
Ne5 c5 5. Be3 Nbd7 6. Nxd7 Qxd7 7.
dxc5 Qc7 8. b3 Bxc5 9. Bxc5 Qxc5 10. Qd2 Bd7 11. e3 Rc8 12. Bd3 Qxc3 13. Qxc3 Rxc3 14. O-O-O Ke7 15. Kd2 Rhc8 16. Rc1 Ne4+ 17. Ke1 Rxd3 18. Ke2 Rd2+ 19. Kf3 Rcxc2 20. Rxc2 Rxc2 21. Rb1 Rxf2+ 22. Kg4 e5+ 23. Kh5 Nf6+ 24. Kh4 Rxg2 25. a4 g5# 0-1

[Event "Betsys MČR v online bleskovém šachu 2021"]
[Site "Chess.com"]
[Date "2021.04.17"]
[Round "13"]
[White "Krtecci"]
[Black "pohoda1966"]
[Result "1-0"]
[WhiteElo "2052"]
[BlackElo "1717"]
[TimeControl "180+1"]
[EndTime "11:07:12 PDT"]
[Termination "Uživatel Krtecci zvítězil po vzdání soupeře"]

1. e4 e5 2. Nf3 Nc6 3. d4 exd4 4. Nxd4 d6 5. Nc3 a6 6. Bc4 g6 7. O-O Bg7 8. Nxc6 bxc6 9. f4 Ne7 10. f5 gxf5 11.
exf5 Bxf5 12. Bg5 Be6 13. Bxe6 fxe6 14. Qh5+ Kd7 15. Rf7 Bf8 16. Raf1 Qe8 17. Rxe7+ Bxe7 18. Rf7 1-0

[Event "Betsys MČR v online bleskovém šachu 2021"]
[Site "Chess.com"]
[Date "2021.04.17"]
[Round "13"]
[White "VOJTASEK2009"]
[Black "AdeeJa"]
[Result "0-1"]
[WhiteElo "1289"]
[BlackElo "1650"]
[TimeControl "180+1"]
[EndTime "11:07:12 PDT"]
[Termination "Uživatel AdeeJa zvítězil po vzdání soupeře"]

1. e4 c5 2. Nf3 Nc6 3. d4 cxd4 4. Nxd4 g6 5. Nc3 Bg7 6. Be2 Nf6 7. Be3 O-O 8. O-O d5 9. exd5 Nxd5 10. Nxd5 Nxd4 11.
Bxd4 Qxd5 12. Bxg7 Qxd1 13. Raxd1 Kxg7 14. Bf3 Be6 15. Rfe1 Rac8 16. c3 b6 17. a3 Rfd8 18. Rxd8 Rxd8 19. h3 Rd2 20. Rb1 Ba2 21. Re1 Kf6 22.
g4 Rxb2 23. g5+ Kxg5 24. Rxe7 Kf4 25. Bd5 Bxd5 26. Rxa7 Kf3 27. Rxf7+ Bxf7 0-1

[Event "Betsys MČR v online bleskovém šachu 2021"]
[Site "Chess.com"]
[Date "2021.04.17"]
[Round "13"]
[White "ritchi12"]
[Black "Marcus_Aurelius_CZ"]
[Result "0-1"]
[WhiteElo "1131"]
[BlackElo "1423"]
[TimeControl "180+1"]
[EndTime "11:07:22 PDT"]
[Termination "Uživatel Marcus_Aurelius_CZ zvítězil matem"]

1. e4 e6 2. Nf3 d5 3. exd5 exd5 4. Qe2+ Qe7 5. Qxe7+ Bxe7 6. Bb5+ c6 7. Ba4 Nf6 8.
O-O O-O 9. d4 Bg4 10. Ne5 Nbd7 11. Nxd7 Bxd7 12. Bg5 h6 13. Bxf6 Bxf6 14. Nd2 Bxd4 15.
Nf3 Bxb2 16. Rab1 Bf6 17. Rxb7 Bg4 18. Nd2 Rfc8 19. Nb3 Be2 20. Re1 Ba6 21. Rb4 Bc3 22. Rf4 Bxe1 23. Nc5 Bd2 24. Rf3 Re8 25. g4 Be2 26.
Rb3 Bxg4 27. Kg2 Rab8 28. Rg3 Bf5 29. Bxc6 Be4+ 30. Kh3 Re5 31. Nd7 Rh5+ 32. Kg4 g6 33.
Nxb8 f5# 0-1

[Event "Betsys MČR v online bleskovém šachu 2021"]
[Site "Chess.com"]
[Date "2021.04.17"]
[Round "13"]
[White "Devasales"]
[Black "LiborRojar"]
[Result "0-1"]
[WhiteElo "1823"]
[BlackElo "2069"]
[TimeControl "180+1"]
[EndTime "11:07:30 PDT"]
[Termination "Uživatel LiborRojar zvítězil po vzdání soupeře"]

1. e4 c6 2. d4 d5 3. e5 Bf5 4. g4 Bg6 5. h4 h5 6. g5 e6 7. Bd3 Bxd3 8. Qxd3 Qa5+ 9. c3 Qa6 10. Qc2 c5 11. Nf3 Nc6 12. Be3 cxd4 13. Bxd4 Nge7 14. Nbd2 Rc8 15. Nb3 Nf5 16. Rc1 Nb4 17. Qe2 Nd3+ 18. Kd2 Nxc1 19. Qxa6 Nxb3+ 0-1

[Event "Betsys MČR v online bleskovém šachu 2021"]
[Site "Chess.com"]
[Date "2021.04.17"]
[Round "13"]
[White "Honzik1950"]
[Black "polik1112"]
[Result "0-1"]
[WhiteElo "1485"]
[BlackElo "1397"]
[TimeControl "180+1"]
[EndTime "11:07:35 PDT"]
[Termination "Uživatel polik1112 zvítězil po vzdání soupeře"]

1. e4 e6 2. d4 d5 3. exd5 exd5 4. c4 Nf6 5. h3 Bd6 6. Nf3 O-O 7.
Be3 Re8 8. c5 Bf4 9. Qd2 Qe7 10. Be2 Bxe3 11. fxe3 Qxe3 12. Qxe3 Rxe3 13. Kf2 Re7 14. Nc3 c6 15. Rhe1 Bf5 16. Nh4 Ne4+ 17. Nxe4 Bxe4 18. Bf3 Nd7 19. Nf5 Re6 20. Bxe4 Rxe4 21.
Rxe4 dxe4 22. Nd6 f5 23. Nxf5 Rf8 24. g4 g6 0-1

[Event "Betsys MČR v online bleskovém šachu 2021"]
[Site "Chess.com"]
[Date "2021.04.17"]
[Round "13"]
[White "DrDANDog"]
[Black "g4g5g4g5"]
[Result "0-1"]
[WhiteElo "1791"]
[BlackElo "1999"]
[TimeControl "180+1"]
[EndTime "11:07:39 PDT"]
[Termination "Uživatel g4g5g4g5 zvítězil matem"]

1. e4 e5 2. Nf3 Nc6 3. Bc4 Nf6 4. O-O Bc5 5. d3 d6 6. Nc3 Bg4 7. h3 Bh5 8. Be3 Nd4 9. Bxd4 Bxd4 10. Nd5 Nxd5 11. Bxd5 c6 12. Bb3 Bb6 13. g4 Bg6 14. a4 a5 15. Qd2 h5 16. Kg2 hxg4 17. hxg4 Qd7 18. Kg3 O-O-O 19. Rh1 f6 20. Nh4 Bf7 21. Nf5 Bxb3 22. cxb3 g6 23. Ne3 d5 24. exd5 cxd5 25. Rhc1+ Kb8 26. b4 f5 27. gxf5 gxf5 28. Kg2 f4 29.
Nc2 Qh3+ 30. Kg1 Rdg8# 0-1

[Event "Betsys MČR v online bleskovém šachu 2021"]
[Site "Chess.com"]
[Date "2021.04.17"]
[Round "13"]
[White "zarathutra"]
[Black "vasekpaulus"]
[Result "0-1"]
[WhiteElo "1827"]
[BlackElo "2057"]
[TimeControl "180+1"]
[EndTime "11:07:40 PDT"]
[Termination "Uživatel vasekpaulus zvítězil po vzdání soupeře"]

1. d4 Nf6 2. c4 c5 3. d5 b5 4. cxb5 a6 5. bxa6 g6 6. Nc3 Bg7 7. e4 Qa5 8. Qd2 O-O 9. Nf3 Bxa6 10. Bxa6 Qxa6 11. Qe2 d6 12. Nd2 Qxe2+ 13. Nxe2 Na6 14. O-O Nb4 15. a3 Rfb8 16. f3 Nd3 17. Ra2 Nd7 18.
b3 Nxc1 19. Rxc1 Ne5 20. a4 Nd3 21. Nc3 Nxc1 22. Rc2 Bxc3 23. Rxc3 Ne2+ 0-1

[Event "Betsys MČR v online bleskovém šachu 2021"]
[Site "Chess.com"]
[Date "2021.04.17"]
[Round "13"]
[White "bezzuton"]
[Black "SamikGame"]
[Result "0-1"]
[WhiteElo "1586"]
[BlackElo "1729"]
[TimeControl "180+1"]
[EndTime "11:07:45 PDT"]
[Termination "Uživatel SamikGame zvítězil po vzdání soupeře"]

1. d4 d5 2. Bf4 Nf6 3. e3 e6 4. Nd2 Bd6 5. Bg3 O-O 6. c3 h6 7. Bd3 Bxg3 8. hxg3 Qd6 9. e4 dxe4 10. Nxe4 Nxe4 11.
Bxe4 e5 12. Nf3 exd4 13. Qxd4 Qxd4 14. Nxd4 Re8 15. f3 f5 16. O-O fxe4 17. fxe4 Rxe4 18. Nb5 Na6 19. Rad1 Bg4 20. Rd2 Rae8 21. Rf4 Re1+ 22. Kh2 Rc1 23. Rfd4 Ree1 0-1

[Event "Betsys MČR v online bleskovém šachu 2021"]
[Site "Chess.com"]
[Date "2021.04.17"]
[Round "13"]
[White "pepca"]
[Black "masodj"]
[Result "1-0"]
[WhiteElo "1561"]
[BlackElo "1708"]
[TimeControl "180+1"]
[EndTime "11:07:50 PDT"]
[Termination "Uživatel pepca zvítězil po vzdání soupeře"]

1. e4 c5 2. Nc3 g6 3. g3 Bg7 4.
Bg2 Nc6 5. f4 d6 6. Nf3 Nf6 7. d3 O-O 8. O-O a6 9. h3 b5 10. Be3 b4 11. Ne2 a5 12. g4 a4 13.
Ng3 a3 14. b3 d5 15. e5 Nd7 16. Rc1 d4 17. Bd2 Nb6 18. Ne4 Bb7 19. Nxc5 Qc7 20. Nxb7 Qxb7 21. Nxd4 Rac8 22. Qf3 Qa8 23. Nxc6 1-0

[Event "Betsys MČR v online bleskovém šachu 2021"]
[Site "Chess.com"]
[Date "2021.04.17"]
[Round "13"]
[White "Dan1612"]
[Black "martin1804"]
[Result "0-1"]
[WhiteElo "1961"]
[BlackElo "2214"]
[TimeControl "180+1"]
[EndTime "11:07:52 PDT"]
[Termination "Uživatel martin1804 zvítězil matem"]

1. e4 d6 2. d4 Nf6 3. Nc3 e5 4. dxe5 dxe5 5. Qxd8+ Kxd8 6. Bg5 Be6 7. Nf3 Nd7 8.
O-O-O Kc8 9. Bb5 c6 10. Be2 Bc5 11. Rhf1 b5 12. a3 a5 13. Nd2 h6 14. Bh4 g5 15.
Bg3 Bd4 16. Nf3 Bxc3 17. bxc3 Nxe4 18. Nxe5 Nxg3 19. Nxd7 Nxe2+ 20. Kd2 Bxd7 21. Kxe2 Re8+ 22. Kd2 Kc7 23. Kc1 Rad8 24. Kb2 Bf5 25. Rc1 Rd2 26.
Rcd1 Rxc2+ 27. Kb3 a4+ 28. Kb4 Kb6 29. c4 c5# 0-1

[Event "Betsys MČR v online bleskovém šachu 2021"]
[Site "Chess.com"]
[Date "2021.04.17"]
[Round "13"]
[White "DominikS3"]
[Black "MatejKopecky13"]
[Result "0-1"]
[WhiteElo "1338"]
[BlackElo "1502"]
[TimeControl "180+1"]
[EndTime "11:07:53 PDT"]
[Termination "Uživatel MatejKopecky13 zvítězil po vzdání soupeře"]

1. d4 e6 2. c4 Nf6 3. Nc3 Bb4 4. Bg5 h6 5. Bh4 g5 6. Bg3 Ne4 7. Qc2 f5 8. e3 Nc6 9. Bd3 d5 10. cxd5 exd5 11. a3 Bxc3+ 12. bxc3 Qf6 13. Bb5 f4 14. exf4 gxf4 15. Bxc6+ bxc6 16. f3 Nxg3 17. hxg3 fxg3 18. Ne2 Bf5 19. Qd2 Kd7 20. Nxg3 Rae8+ 21. Kd1 Be6 22.
Kc2 Qg6+ 23. Qd3 Qxg3 24. Rhg1 Rhf8 25. Rae1 Bf5 0-1

[Event "Betsys MČR v online bleskovém šachu 2021"]
[Site "Chess.com"]
[Date "2021.04.17"]
[Round "13"]
[White "LightningAttack_2000"]
[Black "marosino"]
[Result "1/2-1/2"]
[WhiteElo "1862"]
[BlackElo "1597"]
[TimeControl "180+1"]
[EndTime "11:07:56 PDT"]
[Termination "Remíza opakováním pozice"]

1. e4 d5 2. exd5 Nf6 3. d4 Bg4 4. f3 Bf5 5. c4 e6 6. dxe6 Nc6 7.
exf7+ Kxf7 8. d5 Nb4 9. Na3 Bc5 10. Ne2 Re8 11. Qb3 Nd3+ 12. Kd1 Nf2+ 13. Ke1 Nxh1 14. Bf4 Nf2 15. Qxb7 Nd3+ 16. Kd2 Bb4+ 17. Kd1 Nxb2+ 18. Kc1 Nd3+ 19. Kd1 Bxa3 20. Bxc7 Nb2+ 21. Ke1 Qe7 22. d6 Nd3+ 23. Kd1 Nb2+ 24. Ke1 Nd3+ 25. Kd1 Nb2+ 26. Ke1 1/2-1/2

[Event "Betsys MČR v online bleskovém šachu 2021"]
[Site "Chess.com"]
[Date "2021.04.17"]
[Round "13"]
[White "czechfant94"]
[Black "8_olda_8"]
[Result "0-1"]
[WhiteElo "1595"]
[BlackElo "1787"]
[TimeControl "180+1"]
[EndTime "11:07:58 PDT"]
[Termination "Uživatel 8_olda_8 zvítězil po vzdání soupeře"]

1. e4 e6 2. d4 c5 3. Nf3 cxd4 4. Nxd4 a6 5. Be3 Qc7 6. Nc3 b5 7. a3 Bb7 8. f3 Nf6 9. Be2 Nc6 10. O-O h5 11. Nxc6 Bxc6 12. Bg5 h4 13. h3 Be7 14. Bxf6 Bxf6 15. Rb1 Be5 16. Na2 Qb6+ 17. Kh1 Qe3 18.
Qd3 Qf4 19. Kg1 Qh2+ 20. Kf2 Qg3+ 21. Kg1 Qh2+ 22. Kf2 Bg3+ 23. Ke3 Qxg2 24. Nb4 Bc7 25. Nxc6 dxc6 26. Rbd1 Bb6+ 27. Kd2 Rd8 28. Qxd8+ Bxd8 29. Kc3 Qxe2 0-1

[Event "Betsys MČR v online bleskovém šachu 2021"]
[Site "Chess.com"]
[Date "2021.04.17"]
[Round "13"]
[White "Loveforever_Pepi"]
[Black "Gicko13"]
[Result "1-0"]
[WhiteElo "2285"]
[BlackElo "2152"]
[TimeControl "180+1"]
[EndTime "11:08:03 PDT"]
[Termination "Uživatel Loveforever_Pepi zvítězil matem"]

1. e4 c5 2. d4 cxd4 3. c3 dxc3 4. Nxc3 Nc6 5. Bc4 e6 6. Nf3 Qc7 7. O-O Nf6 8. Nb5 Qb8 9. e5 Nxe5 10. Nxe5 Qxe5 11.
Re1 Qb8 12. Qd4 d6 13. Bf4 e5 14. Rxe5+ Be6 15. Bxe6 dxe5 16. Bxe5 Qd8 17. Nc7+ Ke7 18. Qc5+ Qd6 19. Qxd6# 1-0

[Event "Betsys MČR v online bleskovém šachu 2021"]
[Site "Chess.com"]
[Date "2021.04.17"]
[Round "13"]
[White "tondapesek"]
[Black "TomSedmihradsky"]
[Result "1/2-1/2"]
[WhiteElo "1163"]
[BlackElo "1386"]
[TimeControl "180+1"]
[EndTime "11:08:07 PDT"]
[Termination "Remíza dohodou"]

1. d4 d5 2. c4 e6 3. Nc3 Nf6 4. Bg5 Nbd7 5. e3 c6 6. Nf3 Bd6 7. Be2 h6 8. Bxf6 Nxf6 9. c5 Bc7 10. O-O Ne4 11. Nxe4 dxe4 12. Nd2 f5 13. Nc4 Qh4 14.
g3 Qg5 15. Ne5 O-O 16. Bc4 Bxe5 17. dxe5 Rd8 18. Qb3 Kf7 19. Rad1 Rxd1 20. Rxd1 Qg4 21. Rd6 Qg6 22. Kg2 h5 1/2-1/2

[Event "Betsys MČR v online bleskovém šachu 2021"]
[Site "Chess.com"]
[Date "2021.04.17"]
[Round "13"]
[White "JIDEMONI"]
[Black "SanyH"]
[Result "1-0"]
[WhiteElo "1884"]
[BlackElo "1614"]
[TimeControl "180+1"]
[EndTime "11:08:11 PDT"]
[Termination "Uživatel JIDEMONI zvítězil matem"]

1. d4 d5 2. Nf3 c6 3. e3 Nf6 4. Bd3 e6 5. O-O Be7 6. b3 O-O 7.
Bb2 b5 8. Ne5 Nbd7 9. f4 Bb7 10.
Nd2 a6 11. Rf3 c5 12. c4 bxc4 13. bxc4 dxc4 14. Ndxc4 cxd4 15. Rh3 dxe3 16. Nxe3 Bc5 17. Kh1 h6 18. Rc1 Qb6 19. Qe2 Rab8 20. N3c4 Qc7 21. Nxd7 Qxd7 22. Bxf6 gxf6 23. Qg4+ Kh8 24. Rxh6# 1-0

[Event "Betsys MČR v online bleskovém šachu 2021"]
[Site "Chess.com"]
[Date "2021.04.17"]
[Round "13"]
[White "JanBaraCZE"]
[Black "maelic"]
[Result "0-1"]
[WhiteElo "1586"]
[BlackElo "1760"]
[TimeControl "180+1"]
[EndTime "11:08:12 PDT"]
[Termination "Uživatel maelic zvítězil po vzdání soupeře"]

1. d4 Nf6 2. c4 g6 3. Nc3 Bg7 4. Nf3 d6 5. g3 O-O 6. Bg2 Nc6 7.
O-O e5 8. Bg5 h6 9. dxe5 Nxe5 10.
Bxf6 Bxf6 11. Nxe5 dxe5 12. Qxd8 Rxd8 13. Rad1 Rxd1 14. Rxd1 c6 15. Ne4 Be7 16. Nd6 Bxd6 17. Rxd6 Be6 18. b3 Kf8 19. f4 exf4 20. gxf4 Ke7 21.
Rd1 f5 22. e4 Rd8 23. Rxd8 Kxd8 24. exf5 Bxf5 25. Kf2 Bb1 26. a3 Ba2 27. b4 Bxc4 28. Ke3 Ke7 29. Kd4 Be6 30. Be4 g5 31. fxg5 hxg5 32.
b5 Kd6 33. bxc6 bxc6 34. a4 c5+ 35. Kc3 a5 36. Bc2 Ke5 37. Kd3 Bf5+ 38. Kd2 Bxc2 39. Kxc2 Kd4 40. Kd2 Kc4 41. Kc2 g4 42. Kb2 0-1